 Dungeon Crawl Stone Soup version 0.14.1-1-g650416f (webtiles) character file.

339 Kae the Cudgeler (level 5, 0/45 HPs)
             Began as a Minotaur Fighter on May 2, 2014.
             Succumbed to a worker ant's poison
             ... on Level 4 of the Dungeon.
             The game lasted 00:02:34 (1935 turns).

Kae the Cudgeler (Minotaur Fighter)                 Turns: 1935, Time: 00:02:34

HP   0/45        AC 11     Str 23      XL: 5   Next: 24%
MP  11/11        EV  7     Int  6      God:
Gold 171         SH 19     Dex 10      Spells:  0 memorised,  4 levels left

rFire  . . .     SeeInvis .     a - +0,+1 flail
rCold  . . .     Clarity  .     b - +0 scale mail
rNeg   . . .     Conserve .     c - +0 shield
rPois  .         rCorr    .     (helmet restricted)
rElec  .         rRot     .     s - +0 cloak
SustAb . .       Spirit   .     u - +2 pair of gloves
rMut   .         Warding  .     (no boots)
Saprov . . .     Stasis   .     (no amulet)
MR     .....                    i - ring of magical power
                                h - +3 ring of strength

@: lethally poisoned, not resistant to hostile enchantments, extremely
unstealthy
A: retaliatory headbutt, horns 2
a: no special abilities


You were on level 4 of the Dungeon.
You were not hungry.

You visited 1 branch of the dungeon, and saw 4 of its levels.

You collected 171 gold pieces.

Inventory:

Hand weapons
 a - a +0,+1 flail (weapon)
Armour
 b - a +0 scale mail (worn)
 c - a +0 shield (worn)
 s - a +0 cloak (worn)
 u - a +2 pair of gloves (worn)
Magical devices
 e - a wand of slowing (6)
 r - a wand of magic darts (9) {unknown}
Comestibles
 d - 5 bread rations
 t - a meat ration
Scrolls
 g - a scroll of identify
 j - 2 scrolls of remove curse
 m - a scroll of recharging {unknown}
Jewellery
 h - a +3 ring of strength (left hand)
 i - a ring of magical power (right hand)
Potions
 f - 2 potions of curing
 k - a potion of poison {unknown}
 l - a potion of beneficial mutation {unknown}
 n - 2 potions of brilliance {unknown}
 o - a potion of restore abilities {unknown}
 p - a potion of heal wounds {unknown}
 w - a potion of lignification {unknown}


   Skills:
 - Level 3.6 Fighting
 + Level 6.6 Maces & Flails
 - Level 3.6 Armour
 - Level 3.6 Shields


You had 4 spell levels left.
You didn't know any spells.

Dungeon Overview and Level Annotations

Branches:
Dungeon (4/15)
 Temple: D:4-7

Altars:


Innate Abilities, Weirdness & Mutations

You reflexively headbutt those who attack you in melee.
You have a pair of horns on your head.


Message History

You feel sick.
The shadow imp grins evilly.
The shadow imp hits you.
* * * LOW HITPOINT WARNING * * *
You sock the shadow imp! Your headbutt misses the shadow imp.
The shadow imp is almost dead.
The shadow imp hits you.
* * * LOW HITPOINT WARNING * * *
You barely miss the shadow imp. You headbutt the shadow imp.
You kill the shadow imp!
You hit the worker ant zombie.
You feel sick. The worker ant zombie bites you.
* * * LOW HITPOINT WARNING * * *
You block the worker ant zombie's attack.
You sock the worker ant zombie! You headbutt the worker ant zombie.
You hit the worker ant zombie. The worker ant zombie bites you.
* * * LOW HITPOINT WARNING * * *
The worker ant zombie bites you.
* * * LOW HITPOINT WARNING * * *
You hit the worker ant zombie.
You die...

#.########......... ..
#.............#.#.##..#
.......................
#.............#.#..#.#.#
#.########'##.#...$....
#.....####.##.##...#.#..#
#.................%.....#
.......###..####z#....>.#
.....#.# #...# #@# .....
.............# #.# ##..
##.###.......# #.# . .#
........ #.. .#
............. .#
.#.#..##.##.. . .... ..
... #. .$## ≈≈ ..


You could see a worker ant zombie.

Vanquished Creatures
  Crazy Yiuf (D:2)
  A worker ant (D:4)
  2 adders
  A giant mite (D:2)
  A shadow imp (D:4)
  3 worms (D:3)
  2 giant geckos
  13 bats
  4 giant cockroaches
  6 goblins
  5 hobgoblins
  6 kobolds
  5 giant newts
  A quokka (D:2)
  8 rats
  A rat skeleton (D:4)
60 creatures vanquished.

Vanquished Creatures (others)
  A giant gecko (D:4)
  3 goblins (D:4)
  A hobgoblin (D:4)
  A kobold (D:4)
6 creatures vanquished.

Grand Total: 66 creatures vanquished

Notes
Turn   | Place    | Note
--------------------------------------------------------------
     0 | D:1      | Kae, the Minotaur Fighter, began the quest for the Orb.
     0 | D:1      | Reached XP level 1. HP: 19/19 MP: 1/1
   391 | D:1      | Reached XP level 2. HP: 26/26 MP: 1/1
   546 | D:2      | Reached skill level 4 in Maces & Flails
   684 | D:2      | Reached XP level 3. HP: 31/31 MP: 2/2
   685 | D:2      | Noticed Crazy Yiuf
   692 | D:2      | Killed Crazy Yiuf
   692 | D:2      | Reached skill level 5 in Maces & Flails
   865 | D:2      | Reached XP level 4. HP: 36/39 MP: 2/2
  1399 | D:3      | Reached skill level 6 in Maces & Flails
  1577 | D:4      | Noticed an ogre
  1920 | D:4      | Reached XP level 5. HP: 27/45 MP: 2/2
  1934 | D:4      | HP: 1/45 [worker ant zombie[a shadow imp] (3)]
  1935 | D:4      | Succumbed to a worker ant's poison

Action                   |  1- 3 |  4- 6 || total
-------------------------+-------+-------++-------
Melee: Flail             |    61 |    96 ||   157
Evoke: Wand              |       |     1 ||     1
  Use: Potion            |     1 |       ||     1
       Scroll            |       |     7 ||     7
